 Dungeon Crawl Stone Soup version 0.31-a0-232-gb1c03b2570 (webtiles) character file.

Game seed: 6240902881527712813

39038 qw the Marksminotaur (level 13, -2/122 HPs)
             Began as a Minotaur Hexslinger on July 7, 2023.
             Was a High Priest of Okawaru.
             Slain by Rupert
             ... wielding a +5 great sword of holy wrath
              (33 damage)
             ... on level 5 of the Lair of Beasts.
             The game lasted 00:05:05 (14304 turns).

qw the Marksminotaur (Minotaur Hexslinger)         Turns: 14304, Time: 00:05:06

Health: -2/122     AC: 13    Str: 15    XL:     13   Next: 67%
Magic:  14/19      EV: 25    Int: 10    God:    Okawaru [*****.]
Gold:   399        SH:  0    Dex: 16    Spells: 13/14 levels left

rFire   + . .        o - +9 arbalest (heavy)
rCold   + . .        (shield currently unavailable)
rNeg    . . .        a - +2 robe {rC+ rF+}
rPois   .            (helmet restricted)
rElec   .            s - +0 cloak
rCorr   .            (no gloves)
SInv    .            t - +2 pair of boots
Will    .....        (no amulet)
Stlth   +++          u - +5 ring of evasion
HPRegen 0.40/turn    g - +4 ring of protection
MPRegen 0.16/turn

%: no passive effects
@: heroic, finesse-ful
A: horns 2, retaliatory headbutt
a: Renounce Religion, Heroism, Finesse, Duel


You were on level 5 of the Lair of Beasts.
You worshipped Okawaru.
Okawaru was extremely pleased with you.
You visited 3 branches of the dungeon, and saw 17 of its levels.

You collected 664 gold pieces.
You spent 265 gold pieces at shops.


Innate Abilities, Weirdness & Mutations

You have a pair of horns on your head.
You reflexively headbutt those who attack you in melee.


   Skills:
 - Level 13.0(18.0) Fighting
 - Level 18.0(23.0) Ranged Weapons
 - Level 3.1(8.1) Armour
 + Level 9.8(14.8) Dodging
 - Level 1.0 Spellcasting
 - Level 2.0 Hexes
 - Level 10.0 Invocations


You had 13 spell levels left.
You knew the following spells:

 Your Spells              Type           Power      Damage    Failure   Level
a - Slow                  Hex            16%        N/A       16%         1

Your spell library contained the following spells:

 Spells                   Type           Power      Damage    Failure   Level
 Inner Flame              Hex/Fire       2%         N/A       56%         3
 Portal Projectile        Hex/Tloc       4%         N/A       56%         3
 Cause Fear               Hex            2%         N/A       83%         4

Inventory:

Hand Weapons
 o - a +9 heavy arbalest (weapon)
Armour
 a - a +2 robe of resistance (worn)
 j - a +1 pair of boots
 l - a +1 leather armour of cold resistance
 p - +0 acid dragon scales
 r - a +0 leather armour of poison resistance
 s - a +0 cloak (worn)
 t - a +2 pair of boots (worn)
Jewellery
 g - a +4 ring of protection (right hand)
 u - a +5 ring of evasion (left hand)
Wands
 i - a wand of digging (3)
Scrolls
 b - a scroll of enchant weapon
 c - a scroll of identify
Potions
 d - 4 potions of might
 e - 2 potions of mutation
 f - a potion of magic
 h - 2 potions of resistance
 k - a potion of heal wounds
 m - a potion of enlightenment
 n - 5 potions of curing

Dungeon Overview and Level Annotations

Branches:
Dungeon (11/15)            Temple (1/1) D:6            Lair (5/5) D:11
  Swamp (0/4) Lair:2       Spider (0/4) Lair:2        Slime (0/5) Lair:5
    Orc (0/2) D:9

Altars:
Ashenzari
Cheibriados
Dithmenos
Elyvilon
Fedhas
Gozag
Hepliaklqana
Kikubaaqudgha
Makhleb
Nemelex Xobeh
Okawaru
Qazlal
Ru
Sif Muna
Trog
Uskayaw
Vehumet
Wu Jian
Xom
Yredelemnul
Zin
The Shining One

Shops:
D:2 (   D:7 !   D:8 [

Annotations:
D:4 2 transporters
Lair:5 Rupert


Message History

You suddenly lose the ability to move!
A water moccasin comes into view.
The six-headed hydra bites you. x3
The six-headed hydra bites you but does no damage. x2
The six-headed hydra bites you!
Rupert drinks a potion.
Rupert flickers and vanishes!
Deactivating autopickup; reactivate with Ctrl-A.
The boulder beetle leaps!
You can move again.
You shoot a bolt. The bolt hits the six-headed hydra!!!
You kill the six-headed hydra!
Okawaru accepts your kill.
You shoot a bolt. The bolt hits the water moccasin!!!
You kill the water moccasin!
Okawaru accepts your kill.
You can now enter into single combat with a foe.
Okawaru will now gift you equipment as you gain piety.
You shoot a bolt.
You are confused.
14297 ||| DRINKING 6 potions of curing.
You feel better.
14297 ||| (to cure confusion)
The boulder beetle curls into a ball and begins rolling!
You shoot a bolt. You shoot a bolt. The bolt hits the plant!!!
The plant begins to die.
The plant is moderately damaged.
You shoot a bolt. Something hits you!
You shoot a bolt. Something hits you!!
The boulder beetle hits the fungus!!
The fungus begins to die.
The boulder beetle stops rolling and uncurls.
You shoot a bolt.
The bolt hits the boulder beetle but does no damage.
Something hits you! Something closely misses you.
You shoot a bolt.
A nearby plant withers and dies.
The boulder beetle bites the fungus!
Something hits you!!
You shoot a bolt. The boulder beetle leaps!
Something hits you!!
You die...

.#P#....##..#.#...
# ####.##...####
####...####
#.#.....#.
##.........#
#...##.P.... #...#
###... ##..# ...
#@## .. #{# P0#
..%. ..... .......
........
...P......


There were no monsters in sight!

Vanquished Creatures
  Fannar (D:11)
  A rakshasa (D:11)
  2 hydras
  A boulder beetle (Lair:1)
  A two-headed ogre (D:11)
  3 death yaks
  Nergalle (Lair:1)
  Amaemon (D:11)
  A bog body (Lair:2)
  An oklob plant (Lair:4)
  18 elephants
  A manticore (D:11)
  A black mamba (Lair:3)
  Maurice (D:11)
  An orange demon (D:11)
  6 cane toads
  A gargoyle (D:11)
  2 kobold demonologists (D:11)
  2 rime drakes
  6 komodo dragons
  A troll (D:10)
  5 blink frogs (Lair:3)
  2 hornets
  A polar bear (Lair:4)
  4 jumping spiders (Lair:2)
  2 slime creatures (Lair:5)
  2 shadows
  2 wraiths
  30 yaks
  3 culicivoras (Lair:2)
  8 wyverns
  3 basilisks
  A vampire mosquito (D:11)
  3 steam dragons
  3 redbacks (Lair:2)
  Menkaure (D:7)
  3 acid dragons
  2 hell hounds (Lair:2)
  19 water moccasins
  4 orc warriors
  A sky beast (D:7)
  4 black bears
  3 ice beasts
  An ogre (D:6)
  25 wolves
  2 centaurs
  3 phantoms
  17 bullfrogs
  7 kobold brigands
  A scorpion (D:5)
  7 killer bees
  7 howler monkeys
  3 hounds
  5 jellies
  4 orc priests
  2 gnoll boudas
  A sleepcap (D:8)
  3 iguanas
  6 orc wizards
  Robin (D:2)
  18 gnolls
  9 adders
  3 shadow imps
  2 white imps
  2 ufetubi (D:5)
  2 worms
  2 dart slugs
  26 orcs
  16 bats
  10 endoplasms
  4 giant cockroaches
  19 goblins
  11 hobgoblins
  7 jackals
  33 kobolds
  5 quokkas
  5 ball pythons
  5 frilled lizards
  A rat (D:2)
434 creatures vanquished.

Notes
Turn   | Place    | Note
-------+----------+-------------------------------------------
     0 | D:1      | qw the Minotaur Hexslinger began the quest for the Orb.
     0 | D:1      | Reached XP level 1. HP: 16/16 MP: 1/1
     0 | D:1      | 0 ||| qw: Version: 0.3-a-46-gb1f654a
     0 | D:1      | 0 ||| qw: Game counter: 2809
     0 | D:1      | 0 ||| qw: Melee chars always use a shield: true
     0 | D:1      | 0 ||| qw: God list: Okawaru
     0 | D:1      | 0 ||| qw: Allow faded altars: false
     0 | D:1      | 0 ||| qw: Do Orc after clearing Dungeon:15 true
     0 | D:1      | 0 ||| qw: Do second Lair branch before Depths: true
     0 | D:1      | 0 ||| qw: Lair rune preference: random
     0 | D:1      | 0 ||| qw: Goals: Normal
     0 | D:1      | 0 ||| PLANNING D:1-11
   109 | D:1      | Reached skill level 3 in Ranged Weapons
   109 | D:1      | Reached XP level 2. HP: 23/23 MP: 2/2
   129 | D:1      | 129 ||| FLEEEEING.
   528 | D:1      | Reached XP level 3. HP: 29/29 MP: 3/3
   719 | D:1      | 719 ||| UPGRADING to +0 ring mail.
   729 | D:1      | 729 ||| DROPPING +0 robe.
   730 | D:1      | 730 ||| READING scroll labelled LEDOYT SIXE.
   730 | D:1      | Identified a scroll of acquirement
   730 | D:1      | 730 ||| ACQUIRING +6 ring of strength
   730 | D:1      | Acquired a +6 ring of strength
   732 | D:1      | 732 ||| UPGRADING to +6 ring of strength.
   733 | D:1      | 733 ||| READING 2 scrolls labelled KIROEM WAMUSMUDDO.
   734 | D:1      | 734 ||| READING scroll labelled XAHETHR DUEKA.
   735 | D:1      | 735 ||| READING scroll labelled YLAUR TITHEOH.
   787 | D:1      | 787 ||| READING scroll labelled OZODUF XANEITT.
   790 | D:1      | 790 ||| READING scroll labelled MEABBI PAWEOH.
   791 | D:1      | 791 ||| DROPPING scroll of poison.
   792 | D:1      | 792 ||| DROPPING scroll of revelation.
   840 | D:2      | Found Hesus's Weapon Emporium.
   852 | D:2      | Reached skill level 4 in Ranged Weapons
  1066 | D:2      | Found a faded altar of an unknown god.
  1120 | D:2      | Reached XP level 4. HP: 22/36 MP: 4/4
  1237 | D:2      | 1237 ||| READING scroll of acquirement.
  1237 | D:2      | 1237 ||| ACQUIRING +5 arbalest of draining
  1237 | D:2      | Acquired a +5 arbalest of draining
  1239 | D:2      | 1239 ||| SWAPPING to +5 arbalest of draining.
  1240 | D:2      | 1240 ||| DROPPING +1 sling.
  1558 | D:2      | 1558 ||| READING scroll labelled IKI XYIJAPRUQI.
  1559 | D:2      | 1559 ||| READING 2 scrolls labelled DAUQ VOPSUMEO.
  1560 | D:2      | 1560 ||| READING scroll of enchant weapon.
  1560 | D:2      | 1560 ||| ENCHANTING +6 arbalest of draining.
  1561 | D:2      | 1561 ||| READING scroll labelled HIOLES BION.
  1562 | D:2      | 1562 ||| READING 2 scrolls labelled SYUDAU SUIZI.
  1563 | D:2      | 1563 ||| READING 2 scrolls of identify.
  1563 | D:2      | 1563 ||| IDENTIFYING yellow potion
  1596 | D:3      | Noticed Robin
  1600 | D:3      | Reached skill level 5 in Ranged Weapons
  1600 | D:3      | 1600 ||| STAIRDANCE
  1606 | D:2      | Killed Robin
  1705 | D:3      | 1705 ||| STAIRDANCE
  1796 | D:3      | Reached skill level 3 in Fighting
  1877 | D:3      | Reached XP level 5. HP: 45/45 MP: 5/5
  2207 | D:3      | 2207 ||| UPGRADING to amulet of guardian spirit.
  2212 | D:3      | 2212 ||| UPGRADING to +4 ring of protection.
  2213 | D:3      | 2213 ||| READING scroll labelled JAMELIR AWESATT.
  2214 | D:3      | 2214 ||| READING 2 scrolls of identify.
  2214 | D:3      | 2214 ||| IDENTIFYING fuming amethyst potion
  2215 | D:3      | 2215 ||| DROPPING potion of invisibility.
  2373 | D:4      | Found a transporter.
  2407 | D:4      | Reached skill level 6 in Ranged Weapons
  2407 | D:4      | Reached XP level 6. HP: 51/51 MP: 6/6
  2621 | D:4      | Found a transporter.
  2797 | D:4      | Found a sparkling altar of Nemelex Xobeh.
  2834 | D:4      | 2834 ||| DRINKING 2 murky white potions.
  2835 | D:4      | 2835 ||| READING 2 scrolls of identify.
  2835 | D:4      | 2835 ||| IDENTIFYING blue potion
  2836 | D:4      | 2836 ||| DROPPING potion of brilliance.
  2867 | D:5      | Entered Level 5 of the Dungeon
  2871 | D:5      | 2871 ||| STAIRDANCE
  2876 | D:5      | HP: 8/53 [gnoll/+0 halberd (8)]
  2877 | D:5      | 2877 ||| READING 2 scrolls of teleportation.
  2878 | D:5      | HP: 3/53 [gnoll/+0 halberd (4)]
  3128 | D:5      | Noticed an ice beast
  3130 | D:5      | Killed an ice beast
  3131 | D:5      | Reached skill level 7 in Ranged Weapons
  3131 | D:5      | Reached XP level 7. HP: 60/60 MP: 7/7
  3199 | D:5      | 3199 ||| READING scroll of acquirement.
  3199 | D:5      | 3199 ||| ACQUIRING ring of see invisible
  3199 | D:5      | Acquired a ring of see invisible
  3201 | D:5      | 3201 ||| UPGRADING to ring of see invisible.
  3258 | D:5      | Reached skill level 8 in Ranged Weapons
  3884 | D:6      | Reached skill level 9 in Ranged Weapons
  3894 | D:6      | Found a staircase to the Ecumenical Temple.
  3895 | D:6      | 3895 ||| PLANNING TEMPLE
  3903 | Temple   | Entered the Ecumenical Temple
  3904 | Temple   | 3904 ||| PLANNING OKAWARU WORSHIP
  4082 | Temple   | Became a worshipper of Warmaster Okawaru
  4083 | Temple   | 4083 ||| PLANNING D:1-11
  4083 | Temple   | 4083 ||| REMOVING amulet of guardian spirit.
  4088 | Temple   | 4088 ||| DROPPING amulet of guardian spirit.
  4111 | D:6      | Reached XP level 8. HP: 68/68 MP: 8/8
  4246 | D:6      | Reached skill level 6 in Fighting
  4338 | D:6      | Reached skill level 3 in Dodging
  4340 | D:6      | Reached * piety under Okawaru
  4343 | D:6      | Reached skill level 1 in Invocations
  4343 | D:6      | 4343 ||| FLEEEEING.
  4344 | D:6      | 4344 ||| FLEEEEING.
  4345 | D:6      | 4345 ||| FLEEEEING.
  4346 | D:6      | 4346 ||| FLEEEEING.
  4347 | D:6      | 4347 ||| FLEEEEING.
  4348 | D:6      | 4348 ||| FLEEEEING.
  4349 | D:6      | 4349 ||| FLEEEEING.
  4350 | D:6      | 4350 ||| FLEEEEING.
  4351 | D:6      | 4351 ||| FLEEEEING.
  4352 | D:6      | 4352 ||| FLEEEEING.
  4353 | D:6      | 4353 ||| FLEEEEING.
  4354 | D:6      | 4354 ||| FLEEEEING.
  4355 | D:6      | 4355 ||| FLEEEEING.
  4356 | D:6      | 4356 ||| FLEEEEING.
  4357 | D:6      | 4357 ||| FLEEEEING.
  4358 | D:6      | 4358 ||| FLEEEEING.
  4359 | D:6      | 4359 ||| FLEEEEING.
  4360 | D:6      | 4360 ||| FLEEEEING.
  4361 | D:6      | 4361 ||| FLEEEEING.
  4362 | D:6      | 4362 ||| STAIRDANCE
  4385 | D:5      | 4385 ||| READING 2 scrolls of identify.
  4385 | D:5      | 4385 ||| IDENTIFYING brown potion
  4388 | D:6      | 4388 ||| STAIRDANCE
  4396 | D:5      | 4396 ||| INVOKING Heroism.
  4402 | D:5      | Reached skill level 10 in Ranged Weapons
  4590 | D:6      | 4590 ||| INVOKING Heroism.
  4592 | D:6      | 4592 ||| Stepping ~*~*~tactically~*~*~ (cloud).
  4600 | D:6      | Reached skill level 3 in Invocations
  4776 | D:6      | Reached XP level 9. HP: 78/78 MP: 10/10
  4781 | D:6      | Found a white marble altar of Elyvilon.
  5042 | D:6      | 5042 ||| READING scroll labelled SOSIPOPOIK.
  5057 | D:7      | Found Xiathosi's Distillery.
  5060 | D:7      | 5060 ||| BUYING potion of curing (30 gold).
  5060 | D:7      | Bought a potion of curing for 30 gold pieces
  5060 | D:7      | 5060 ||| BUYING potion of heal wounds (50 gold).
  5060 | D:7      | Bought a potion of heal wounds for 50 gold pieces
  5060 | D:7      | 5060 ||| BUYING potion of heal wounds (50 gold).
  5060 | D:7      | Bought a potion of heal wounds for 50 gold pieces
  5060 | D:7      | 5060 ||| BUYING potion of heal wounds (50 gold).
  5060 | D:7      | Bought a potion of heal wounds for 50 gold pieces
  5060 | D:7      | 5060 ||| SHOPLISTING potion of mutation (80 gold, have 72).
  5063 | D:7      | 5063 ||| INVOKING Heroism.
  5129 | D:7      | 5129 ||| INVOKING Heroism.
  5182 | D:7      | 5182 ||| INVOKING Heroism.
  5186 | D:7      | Reached skill level 11 in Ranged Weapons
  5355 | D:7      | Noticed Menkaure
  5356 | D:7      | 5356 ||| INVOKING Heroism.
  5359 | D:7      | Killed Menkaure
  5372 | D:7      | Reached ** piety under Okawaru
  5373 | D:7      | Reached skill level 12 in Ranged Weapons
  5512 | D:7      | 5512 ||| DRINKING 3 potions of curing.
  5512 | D:7      | 5512 ||| (to cure confusion)
  5523 | D:7      | 5523 ||| INVOKING Heroism.
  5566 | D:7      | 5566 ||| READING scroll of enchant weapon.
  5566 | D:7      | 5566 ||| ENCHANTING +7 arbalest of draining.
  5613 | D:7      | 5613 ||| INVOKING Heroism.
  5632 | D:7      | Found a flagged portal.
  5638 | D:7      | 5638 ||| INVOKING Heroism.
  5727 | D:7      | Found a shadowy altar of Dithmenos.
  5908 | D:7      | 5908 ||| UPGRADING to +0 leather armour of poison
                  | resistance.
  5918 | D:7      | 5918 ||| READING 2 scrolls of identify.
  5918 | D:7      | 5918 ||| IDENTIFYING bubbling grey potion
  5919 | D:7      | 5919 ||| DROPPING potion of attraction.
  5942 | D:8      | Identified the +8 trident of the Immovable Knives {freeze,
                  | rF- Str+2 Dex+4}
  5979 | D:8      | 5979 ||| INVOKING Heroism.
  6088 | D:8      | 6088 ||| INVOKING Heroism.
  6218 | D:8      | Found Baodywoj's Antique Armour Shop.
  6220 | D:8      | Reached XP level 10. HP: 88/88 MP: 12/12
  6304 | D:8      | 6304 ||| BUYING embroidered robe (85 gold).
  6304 | D:8      | Bought an embroidered robe for 85 gold pieces
  6304 | D:8      | 6304 ||| SHOPLISTING swamp dragon scales (1150 gold, have
                  | 85).
  6337 | D:8      | 6337 ||| FLEEEEING.
  6340 | D:8      | 6340 ||| FLEEEEING.
  6341 | D:8      | 6341 ||| FLEEEEING.
  6616 | D:8      | 6616 ||| INVOKING Heroism.
  6619 | D:8      | Reached skill level 13 in Ranged Weapons
  6986 | D:8      | 6986 ||| UPGRADING to +2 robe of resistance.
  6996 | D:8      | 6996 ||| DROPPING +0 ring mail.
  6997 | D:8      | 6997 ||| UPGRADING to +0 pair of boots.
  7002 | D:8      | 7002 ||| READING scroll of enchant armour.
  7002 | D:8      | 7002 ||| ENCHANTING +0 pair of boots.
  7003 | D:8      | 7003 ||| READING scroll labelled HUAKKA LOAB.
  7004 | D:8      | 7004 ||| DRINKING 2 fizzy amethyst potions.
  7020 | D:9      | 7020 ||| INVOKING Heroism.
  7154 | D:9      | Reached skill level 9 in Fighting
  7455 | D:9      | 7455 ||| FLEEEEING.
  7456 | D:9      | 7456 ||| FLEEEEING.
  7457 | D:9      | 7457 ||| FLEEEEING.
  7462 | D:9      | Reached skill level 6 in Dodging
  7496 | D:9      | 7496 ||| INVOKING Heroism.
  7540 | D:9      | 7540 ||| READING scroll of brand weapon.
  7540 | D:9      | 7540 ||| BRANDING +8 arbalest of flaming.
  7661 | D:9      | Found a staircase to the Orcish Mines.
  7820 | D:10     | Entered Level 10 of the Dungeon
  7859 | D:10     | 7859 ||| INVOKING Heroism.
  8062 | D:10     | Paralysed by a hornet for 1 turns
  8275 | D:10     | 8275 ||| READING scroll of enchant armour.
  8275 | D:10     | 8275 ||| ENCHANTING +1 pair of boots.
  8291 | D:10     | 8291 ||| Stepping ~*~*~tactically~*~*~ (outnumbered).
  8297 | D:10     | 8297 ||| Stepping ~*~*~tactically~*~*~ (outnumbered).
  8299 | D:10     | 8299 ||| Stepping ~*~*~tactically~*~*~ (outnumbered).
  8305 | D:10     | Reached skill level 14 in Ranged Weapons
  8485 | D:10     | Reached *** piety under Okawaru
  8656 | D:10     | Found a glowing silver altar of Zin.
  8656 | D:10     | Noticed an angel
  8948 | D:10     | 8948 ||| READING 2 scrolls of identify.
  8948 | D:10     | 8948 ||| IDENTIFYING purple potion
  8949 | D:10     | 8949 ||| DROPPING potion of lignification.
  8969 | D:11     | Noticed a rakshasa
  8969 | D:11     | Noticed a gargoyle
  8970 | D:11     | Killed a gargoyle
  8971 | D:11     | Reached XP level 11. HP: 99/99 MP: 13/13
  8972 | D:11     | 8972 ||| INVOKING Heroism.
  8975 | D:11     | Killed a rakshasa
  8975 | D:11     | Noticed a two-headed ogre
  8979 | D:11     | HP: 14/99 [two-headed ogre/+0 giant spiked club (17)]
  8980 | D:11     | 8980 ||| READING 3 scrolls of teleportation.
  8980 | D:11     | HP: 4/99 [manticore (10)]
  8981 | D:11     | 8981 ||| DRINKING 4 potions of heal wounds.
  8983 | D:11     | 8983 ||| DRINKING 3 potions of heal wounds.
  8984 | D:11     | 8984 ||| DRINKING 2 potions of heal wounds.
  9033 | D:11     | 9033 ||| INVOKING Heroism.
  9045 | D:11     | 9045 ||| INVOKING Heroism.
  9050 | D:11     | Killed a two-headed ogre
  9051 | D:11     | Reached skill level 15 in Ranged Weapons
  9069 | D:11     | Noticed Amaemon
  9070 | D:11     | 9070 ||| INVOKING Heroism.
  9093 | D:11     | 9093 ||| INVOKING Heroism.
  9097 | D:11     | Killed Amaemon
  9097 | D:11     | Reached **** piety under Okawaru
  9276 | D:11     | Noticed Fannar
  9280 | D:11     | Killed Fannar
  9347 | D:11     | Reached ***** piety under Okawaru
  9354 | D:11     | 9354 ||| INVOKING Heroism.
  9357 | D:11     | 9357 ||| Stepping ~*~*~tactically~*~*~ (outnumbered).
  9363 | D:11     | 9363 ||| Stepping ~*~*~tactically~*~*~ (outnumbered).
  9377 | D:11     | Noticed Maurice
  9387 | D:11     | Killed Maurice
  9492 | D:11     | Found a staircase to the Lair.
  9566 | D:11     | Reached skill level 6 in Invocations
  9886 | D:11     | 9886 ||| PLANNING LAIR
  9886 | D:11     | 9886 ||| UPGRADING to +0 cloak.
  9891 | D:11     | 9891 ||| READING 2 scrolls of identify.
  9891 | D:11     | 9891 ||| IDENTIFYING sapphire potion
  9937 | Lair:1   | Entered Level 1 of the Lair of Beasts
  9963 | Lair:1   | 9963 ||| INVOKING Heroism.
 10028 | Lair:1   | Reached skill level 16 in Ranged Weapons
 10030 | Lair:1   | 10030 ||| INVOKING Heroism.
 10037 | Lair:1   | HP: 20/100 [wolf (8)]
 10038 | Lair:1   | 10038 ||| READING 2 scrolls of teleportation.
 10039 | Lair:1   | 10039 ||| DRINKING potion of heal wounds.
 10306 | Lair:1   | 10306 ||| INVOKING Heroism.
 10308 | Lair:1   | Reached XP level 12. HP: 107/107 MP: 13/16
 10407 | Lair:1   | 10407 ||| INVOKING Heroism.
 10452 | Lair:1   | 10452 ||| INVOKING Heroism.
 10477 | Lair:1   | Reached skill level 3 in Armour
 10622 | Lair:1   | Noticed a boulder beetle
 10623 | Lair:1   | 10623 ||| INVOKING Heroism.
 10642 | Lair:1   | 10642 ||| INVOKING Finesse.
 10643 | Lair:1   | 10643 ||| INVOKING Finesse.
 10646 | Lair:1   | Killed a boulder beetle
 10866 | Lair:1   | Noticed Nergalle
 10867 | Lair:1   | 10867 ||| INVOKING Heroism.
 10870 | Lair:1   | Killed Nergalle
 10870 | Lair:1   | Identified the +1 buckler of the Evening {Str+4 Int+3}
                  | (Okawaru gifted it to you on level 1 of the Lair of Beasts)
 10870 | Lair:1   | Received a gift from Okawaru
 10946 | Lair:1   | 10946 ||| DROPPING ring of wizardry.
 10947 | Lair:1   | 10947 ||| READING scroll labelled VAD EDUB ZOI.
 10984 | Lair:2   | 10984 ||| INVOKING Heroism.
 11073 | Lair:2   | Found a dark tunnel.
 11179 | Lair:2   | Found a staircase to the Swamp.
 11186 | Lair:2   | 11186 ||| INVOKING Heroism.
 11189 | Lair:2   | Reached skill level 9 in Invocations
 11211 | Lair:2   | Noticed a six-headed hydra
 11212 | Lair:2   | 11212 ||| INVOKING Heroism.
 11216 | Lair:2   | Killed a six-headed hydra
 11229 | Lair:2   | 11229 ||| READING scroll of enchant weapon.
 11229 | Lair:2   | 11229 ||| ENCHANTING +8 heavy arbalest.
 11233 | Lair:2   | 11233 ||| Stepping ~*~*~tactically~*~*~ (outnumbered).
 11294 | Lair:2   | Found a hole to the Spider Nest.
 11661 | Lair:2   | You fall into a shaft and drop 2 floors!
 11719 | Lair:4   | 11719 ||| DROPPING ring of ice.
 11720 | Lair:4   | 11720 ||| DROPPING +6 ring of strength.
 11721 | Lair:4   | 11721 ||| UPGRADING to +5 ring of evasion.
 11723 | Lair:4   | 11723 ||| DROPPING ring of see invisible.
 11728 | Lair:4   | Reached skill level 17 in Ranged Weapons
 11741 | Lair:4   | Received a gift from Okawaru
 11742 | Lair:4   | Reached XP level 13. HP: 98/116 MP: 19/19
 11851 | Lair:3   | 11851 ||| INVOKING Heroism.
 12154 | Lair:3   | 12154 ||| DROPPING +1 pair of boots.
 12155 | Lair:3   | 12155 ||| READING 2 scrolls of identify.
 12155 | Lair:3   | 12155 ||| IDENTIFYING fuming ruby potion
 12156 | Lair:3   | 12156 ||| DROPPING potion of berserk rage.
 12815 | Lair:3   | 12815 ||| READING scroll labelled COSAOZEI SOTZ.
 12863 | Lair:4   | 12863 ||| INVOKING Heroism.
 12881 | Lair:4   | Reached skill level 18 in Ranged Weapons
 12941 | Lair:4   | 12941 ||| INVOKING Heroism.
 12953 | Lair:4   | Reached skill level 12 in Fighting
 12956 | Lair:4   | HP: 23/118 [yak (7)]
 12957 | Lair:4   | 12957 ||| READING scroll of teleportation.
 12961 | Lair:4   | HP: 18/118 [poisoned by a cane toad]
 13810 | Lair:5   | Entered Level 5 of the Lair of Beasts
 13813 | Lair:5   | 13813 ||| INVOKING Heroism.
 13822 | Lair:5   | Reached skill level 9 in Dodging
 13823 | Lair:5   | 13823 ||| INVOKING Finesse.
 13828 | Lair:5   | 13828 ||| STAIRDANCE
 14056 | Lair:5   | Found a staircase to the Slime Pits.
 14288 | Lair:5   | 14288 ||| INVOKING Heroism.
 14289 | Lair:5   | 14289 ||| INVOKING Finesse.
 14289 | Lair:5   | Noticed Rupert
 14290 | Lair:5   | Paralysed by Rupert for 3 turns
 14297 | Lair:5   | 14297 ||| DRINKING 6 potions of curing.
 14297 | Lair:5   | 14297 ||| (to cure confusion)
 14304 | Lair:5   | Slain by Rupert

Levels and vault maps discovered:
D:1:      amcnicky_arrival_blooded_trapdoor, layout_basic, minmay_pentomino_w4
D:2:      layout_loops_ring, dreamdust_ecumenical_altar_grove, serial_shops,
          nicolae_shop_statue_plus, minmay_vboxes
D:3:      layout_rooms, fountainhead, uniq_robin
D:4:      gammafunk_cloud_chamber, layout_basic, lemuel_doored_altar
D:5:      layout_basic, roderic_batcave, roderic_lattice_a, columned_hall_lemuel
D:6:      layout_basic, nicolae_elyvilon_temple_path,
          minmay_temple_entry_junction
D:7:      layout_cave_pools, mainiacjoe_overflow_chevrons, enter_bailey_2,
          serial_shops, nicolae_stop_n_shop_2, hangedman_minor_gate_pass,
          uniq_menkaure
D:8:      layout_basic, serial_shops, kennysheep_little_box
D:9:      layout_loops_ring, orc_0_dummy
D:10:     layout_loops_corners, zin_angel
D:11:     layout_small_grid, minmay_lair_entry_grove, lemuel_flame_loot_1,
          uniq_amaemon, uniq_fannar, uniq_maurice
Temple:   eino_narrow_crystal_temple
Lair:1:   layout_regular_city, uniq_nergalle
Lair:2:   layout_cave_pods, skrybe_swamp_entry_bodies,
          nicolae_spider_entry_tight_spaces, enter_volcano_3
Lair:3:   layout_hall_layers
Lair:4:   layout_regular_city, dpeg_oklob_1, infiniplex_staircase_pool_2
Lair:5:   wormcave, layout_gridlike, minmay_slime_entry_pillars, uniq_rupert

Skill      XL: |  1  2  3  4  5  6  7  8  9 10 11 12 13 |
---------------+----------------------------------------+-----
Ranged Weapons | 3 4 5 6 7 9 10 12 14 16 17 18 | 18.0
Fighting       | 2 3 4 5 6 8 10 11 13 | 13.0
Armour         | 2 3 |  3.1
Dodging        | 3 5 6 7 8 9 |  9.8
Invocations    | 3 4 7 10 | 10.0
Spellcasting   | |  1.0
Hexes          | |  2.0

Action                     |  1- 3 |  4- 6 |  7- 9 | 10-12 | 13-15 || total
---------------------------+-------+-------+-------+-------+-------++-------
   Fire: Sling             |   130 |    16 |       |       |       ||   146
         Arbalest          |       |   113 |   206 |   370 |   127 ||   816
 Invoke: Heroism           |       |       |    11 |    20 |     5 ||    36
         Finesse           |       |       |       |     1 |     2 ||     3
    Use: Scroll            |     6 |    11 |     5 |    10 |     3 ||    35
         Potion            |       |     1 |     1 |     5 |     1 ||     8
 Armour: Robe              |     5 |       |       |    72 |    23 ||   100
         Ring mail         |    11 |    49 |    39 |       |       ||    99
         Leather armour    |       |       |     2 |     3 |       ||     5
  Dodge: Dodged            |    47 |    72 |    79 |   274 |   183 ||   655

Table legend:
 A = Non-vault XP
 B = Vault XP
 C = Vault XP percentage of total XP
 D = Non-vault monster count
 E = Vault monster count
 F = Vault count percentage of total count
                 A         B        C        D         E       F
            +---------+---------+-------+---------+---------+-------
      Total |   45260 |   10509 |  18.8 |     359 |      75 |  17.3
            +---------+---------+-------+---------+---------+-------
        D:1 |      32 |      11 |  25.6 |      17 |       6 |  26.1
        D:2 |      73 |      43 |  37.1 |      26 |      11 |  29.7
        D:3 |     104 |      12 |  10.3 |      24 |       6 |  20.0
        D:4 |     135 |       0 |   0.0 |      16 |       0 |   0.0
        D:5 |    1251 |      13 |   1.0 |      26 |       8 |  23.5
        D:6 |    1227 |       0 |   0.0 |      18 |       0 |   0.0
        D:7 |    1067 |    1090 |  50.5 |      25 |       9 |  26.5
        D:8 |    1782 |       0 |   0.0 |      28 |       0 |   0.0
        D:9 |    1983 |       0 |   0.0 |      21 |       0 |   0.0
       D:10 |    2008 |       0 |   0.0 |      20 |       0 |   0.0
       D:11 |    4186 |    4420 |  51.4 |      22 |      16 |  42.1
     Lair:1 |    7517 |     771 |   9.3 |      29 |       1 |   3.3
     Lair:2 |    5661 |    3059 |  35.1 |      23 |      13 |  36.1
     Lair:3 |    3002 |       0 |   0.0 |      15 |       0 |   0.0
     Lair:4 |    9024 |     542 |   5.7 |      26 |       1 |   3.7
     Lair:5 |    6208 |     548 |   8.1 |      23 |       4 |  14.8
            +---------+---------+-------+---------+---------+-------
